 Dungeon Crawl Stone Soup version 0.28-a0-381-g937acc2988 (webtiles) character file.

Game seed: 7907041447345086171

357 lunkers the Ruffian (level 6, -1/57 HPs)
             Began as a Minotaur Cinder Acolyte on Sept 1, 2021.
             Was a High Priest of Ignis.
             Slain by an orc warrior (19 damage)
             ... on level 4 of the Dungeon.
             The game lasted 00:05:38 (4677 turns).

lunkers the Ruffian (Minotaur Cinder Acolyte)       Turns: 4677, Time: 00:05:39

Health: -1/57      AC:  4    Str: 22    XL:     6   Next: 36%
Magic:  5/6        EV: 11    Int: 10    God:    Ignis [*****.]
Gold:   79         SH:  0    Dex:  5    Spells: 6/7 levels left

rFire   + . .      SeeInvis .     - Unarmed
rCold   . . .      Faith    .   (no shield)
rNeg    . . .      Spirit   .   a - +0 robe
rPois   .          Reflect  .   (helmet restricted)
rElec   .          Harm     .   m - +0 cloak
rCorr   +          Rampage  .   (no gloves)
Will    .....                   r - +0 pair of boots
Stlth   +.........              (no amulet)
HPRegen 0.19/turn               l - ring of resist corrosion
MPRegen 0.10/turn               (no ring)

@: no status effects
A: horns 2, retaliatory headbutt
a: Renounce Religion, Sea of Fire, Foxfire Swarm, Rising Flame


You were on level 4 of the Dungeon.
You worshipped Ignis.
Ignis was extremely pleased with you.
You visited 1 branch of the dungeon, and saw 5 of its levels.

You collected 79 gold pieces.

Inventory:

Armour
 a - a +0 robe (worn)
 m - a +0 cloak (worn)
 r - a +0 pair of boots (worn)
Jewellery
 l - a ring of resist corrosion (left hand)
Wands
 p - a wand of polymorph (5)
 q - a wand of acid (9)
Scrolls
 g - 3 scrolls of fear {unknown}
 i - 5 scrolls of identify {unknown}
 k - a scroll of vulnerability {unknown}
 n - a scroll of enchant armour {unknown}
 o - a scroll of noise {unknown}
 t - a scroll of magic mapping {unknown}
 u - a scroll of enchant weapon {unknown}
 v - a scroll of brand weapon {unknown}
Potions
 b - a potion of berserk rage {unknown}
 c - a potion of curing {unknown}
 d - a potion of attraction {unknown}
 e - a potion of resistance {unknown}
 f - 3 potions of heal wounds {unknown}
 h - a potion of magic {unknown}
 j - a potion of lignification {unknown}
 s - a potion of haste {unknown}


   Skills:
 + Level 5.7 Fighting
 * Level 6.8 Unarmed Combat
 - Level 1.0 Spellcasting
 - Level 0.6 Fire Magic


You had 6 spell levels left.
You knew the following spells:

 Your Spells              Type           Power      Damage    Failure   Level
p - Foxfire               Conj/Fire      4%         2x1d4     30%         1

Your spell library contained the following spells:

 Spells                   Type           Power      Damage    Failure   Level
 Sandblast                Erth           0%         2d4       34%         1
 Sting                    Tmut/Pois      0%         1d3       34%         1
 Passwall                 Tmut/Erth      0%         N/A       45%         2
 Poisonous Vapours        Pois/Air       0%         N/A       45%         2
 Olgreb's Toxic Radiance  Pois           0%         N/A       98%         4
 Lee's Rapid Deconstruct  Erth           0%         3d5*      100%        5


Dungeon Overview and Level Annotations

Branches:
Dungeon (5/15)
 Temple: D:4-7

Altars:
Trog
Xom
The Shining One


Innate Abilities, Weirdness & Mutations

You have a pair of horns on your head.
You reflexively headbutt those who attack you in melee.


Message History

There is a stone staircase leading down here.
You start resting.
Magic restored.
You start resting.
HP restored.
You climb downwards.
There is a stone staircase leading up here.
The orc warrior hits you from afar with a +0 trident!
You climb upwards.
There is a stone staircase leading down here.
You climb downwards.
The orc warrior barely misses you.
The orc warrior hits you from afar with a +0 trident!
There is a stone staircase leading up, spattered with blood here.
The orc warrior hits you from afar with a +0 trident!
You climb upwards.
There is a stone staircase leading down here.
You start resting.
HP restored.
There is a stone staircase leading down here.
You climb downwards.
The orc warrior hits you with a +0 trident!
There is a stone staircase leading up, spattered with blood here.
The orc warrior hits you with a +0 trident.
You climb upwards.
There is a stone staircase leading down here.
You closely miss the orc warrior.
The orc warrior hits you with a +0 trident!
* * * LOW HITPOINT WARNING * * *
Casting: Foxfire (safe; 30% risk of failure)
Press: ? - help, Q - select action, (/) - cycle Dir - look around, f - activate You conjure some foxfire!
The orc warrior hits you with a +0 trident!
* * * LOW HITPOINT WARNING * * *
Your foxfire dissipates!
The foxfire hits the orc warrior.
The orc warrior is lightly wounded.
The orc warrior hits you with a +0 trident!
* * * LOW HITPOINT WARNING * * *
The orc warrior hits you from afar with a +0 trident!!
You die...

####################
#>.@......).........
#o..[.......####....
######.######.##.####....
#........................
#.####........##########.
####.# #>######### #...
#....# #........<# #.#.
#.#### ########### #.#.
#.# #.#.


You could see an orc warrior.

Vanquished Creatures
  An ogre (D:4)
  A howler monkey (D:5)
  A centaur skeleton (D:4)
  Ijyb (D:3)
  An iguana (D:4)
  A hound skeleton (D:4)
  4 gnolls (D:5)
  3 adders
  3 worms (D:3)
  6 ball pythons
  11 endoplasms
  6 giant cockroaches
  3 goblins
  4 hobgoblins
  6 jackals
  5 kobolds
  7 bats
  A frilled lizard (D:2)
  10 rats
75 creatures vanquished.

Vanquished Creatures (others)
  A kobold brigand (D:4)
  An iguana (D:4)
  An endoplasm (D:4)
  A goblin (D:4)
  A jackal (D:4)
  2 kobolds (D:4)
  124 foxfires
131 creatures vanquished.

Grand Total: 206 creatures vanquished

Notes
Turn   | Place    | Note
-------+----------+-------------------------------------------
     0 | D:1      | lunkers the Minotaur Cinder Acolyte began the quest for the
                  | Orb.
     0 | D:1      | Reached XP level 1. HP: 19/19 MP: 1/1
   282 | D:1      | Reached XP level 2. HP: 27/27 MP: 0/2
   504 | D:1      | Reached skill level 4 in Unarmed Combat
   580 | D:1      | Found a faded altar of an unknown god.
   847 | D:2      | Reached XP level 3. HP: 10/33 MP: 0/3
  2275 | D:3      | Noticed a moth of wrath
  2278 | D:3      | Found a bloodstained altar of Trog.
  2515 | D:3      | Reached XP level 4. HP: 14/41 MP: 0/4
  2777 | D:3      | Noticed Ijyb
  2804 | D:3      | Killed Ijyb
  2805 | D:3      | Reached skill level 5 in Unarmed Combat
  3155 | D:3      | Found a glowing golden altar of the Shining One.
  3601 | D:4      | Killed a kobold brigand
  3734 | D:4      | Noticed an ogre
  3738 | D:4      | Killed an ogre
  3739 | D:4      | Reached skill level 5 in Fighting
  3739 | D:4      | Reached skill level 6 in Unarmed Combat
  3739 | D:4      | Reached XP level 5. HP: 48/48 MP: 5/5
  3821 | D:4      | Reached XP level 6. HP: 56/56 MP: 0/6
  3886 | D:4      | Found a shimmering altar of Xom.
  4327 | D:5      | Entered Level 5 of the Dungeon
  4467 | D:5      | Noticed an orc warrior
  4677 | D:4      | Slain by an orc warrior

Illustrated notes

Levels and vault maps discovered:
D:1:      amcnicky_arrival_choice, layout_rooms,
          dilly_ecumenical_altar_fadedgnrine, chequers_serial_rivers_micro_e
D:2:      layout_basic
D:3:      layout_basic, mainiacjoe_overflow_cross_hatched, tgw_trog, uniq_ijyb
D:4:      layout_basic, xom_confusion_cloud, abandoned_shop
D:5:      minmay_opposing_rooms, layout_loops_ring, guppyfry_early_orc_mine

Skill      XL: |  1  2  3  4 |
---------------+-------------+-----
Fighting       | 4 5 |  5.7
Unarmed Combat | 4 6 |  6.8
Spellcasting   | |  1.0
Fire Magic     | |  0.6

Action                   |  1- 3 |  4- 6 || total
-------------------------+-------+-------++-------
Melee: Unarmed           |    80 |    63 ||   143
       Headbutt          |    13 |     7 ||    20
       Punch             |     2 |       ||     2
 Cast: Foxfire           |    38 |    53 ||    91
Armor: Robe              |    12 |    13 ||    25
Dodge: Dodged            |    53 |    29 ||    82

Table legend: (Time is in decaauts)
 A = Elapsed time spent in this place.
 B = Non-inter-level travel time spent in this place.
 C = Inter-level travel time spent in this place.
 D = Time resting spent in this place.
 E = Time spent auto-exploring this place.
 F = Levels seen in this place.
 G = Mean time per level.
                   A        B        C        D        E       F      G
               +--------+--------+--------+--------+--------+-----+--------+
         Total |   4667 |   4515 |    152 |    344 |   3559 |   5 |  933.4 |
       Dungeon |   4667 |   4515 |    152 |    344 |   3559 |   5 |  933.4 |
               +--------+--------+--------+--------+--------+-----+--------+

Top non-repeatable levels by time:
     D:2: 1612 daAuts
     D:3: 1196 daAuts
     D:4: 921 daAuts
     D:1: 754 daAuts
     D:5: 183 daAuts
